 Dungeon Crawl Stone Soup version 0.31-a0-360-gb3e1d13bf4 (webtiles) character file.

Game seed: 1361054137858920731

62 Shard1697 the Chopper (level 3, 0/31 HPs)
             Began as an Armataur Gladiator on July 26, 2023.
             Slain by Terence
             ... wielding a +0 long sword
              (3 damage)
             ... on level 2 of the Dungeon.
             The game lasted 00:01:16 (1222 turns).

Shard1697 the Chopper (Armataur Gladiator)          Turns: 1222, Time: 00:01:17

Health: 0/31       AC:  6    Str: 19    XL:     3   Next: 85%
Magic:  3/3        EV:  9    Int:  8    God:
Gold:   149        SH:  0    Dex: 13    Spells: 2/2 levels left

rFire   . . .        a - +0 war axe
rCold   . . .        (no shield)
rNeg    . . .        f - +0 ring mail
rPois   .            c - +0 helmet
rElec   .            (no cloak)
rCorr   .            (no gloves)
SInv    .            (no barding)
Will    .....        (no amulet)
Stlth   +            (no ring)
HPRegen 0.25/turn    (no ring)
MPRegen 0.08/turn

%: roll
@: no status effects
A: large, rugged brown scales 3, deformed body, armoured tail, roll, long
tongue, awkward tongue
a: no special abilities


You were on level 2 of the Dungeon.
You visited 1 branch of the dungeon, and saw 2 of its levels.

You collected 149 gold pieces.

Inventory:

Hand Weapons
 a - a +0 war axe (weapon)
Missiles
 d - 3 throwing nets (quivered)
 e - a javelin
Armour
 c - a +0 helmet (worn)
 f - a +0 ring mail (worn)
Scrolls
 b - 2 scrolls of identify {unknown}
 h - a scroll of teleportation {unknown}
 i - a scroll of enchant armour {unknown}
 l - a scroll of blinking {unknown}
 n - a scroll of fear {unknown}
Potions
 g - a potion of might {unknown}
 j - a potion of curing {unknown}
 k - a potion of degeneration {unknown}
 m - a potion of haste {unknown}


   Skills:
 - Level 1.7 Fighting
 + Level 4.0 Axes
 - Level 1.7 Throwing
 - Level 2.1 Dodging


You had 2 spell levels left.
You didn't know any spells.
Your spell library contained the following spells:

 Spells                   Type           Power      Damage    Failure   Level
 Foxfire                  Conj/Fire      0%         2x1d4     58%         1
 Magic Dart               Conj           0%         1d3       58%         1
 Call Imp                 Summ           0%         N/A       75%         2
 Mephitic Cloud           Conj/Pois/Air  0%         N/A       92%         3
 Sticky Flame             Conj/Fire      0%         2d3       100%        4


Dungeon Overview and Level Annotations

Branches:
Dungeon (2/15)

Altars:
Ashenzari

Annotations:
D:2 Terence


Innate Abilities, Weirdness & Mutations

You are completely covered in rugged brown scales. (AC +3, +7% HP)
Armour fits poorly on your strangely shaped body.
You have a long armoured tail.
You roll when moving toward enemies. (Rampage)
Your long tongue fully drains potion bottles. (2x potion effects)
Your tongue gives you trouble enunciating. (1.5x scroll delay)


Message History

No target in view!
No target in view!
You hit Terence but do no damage. You tail-slap Terence.
Terence is lightly wounded.
Terence closely misses you.
You barely miss Terence.
Terence is lightly wounded.
Terence barely misses you. Terence closely misses you.
You closely miss Terence. You tail-slap Terence.
Terence is moderately wounded.
Terence hits you with a +0 long sword.
You hit Terence.
Terence is moderately wounded.
Terence hits you with a +0 long sword.
You hit Terence.
Terence is moderately wounded.
Terence hits you but does no damage.
You barely miss Terence.
Terence is moderately wounded.
Terence hits you but does no damage. Terence hits you with a +0 long sword.
You hit Terence.
Terence is heavily wounded.
Terence barely misses you.
You barely miss Terence.
Terence is heavily wounded.
Terence closely misses you.
You slash Terence! You tail-slap Terence.
Terence is almost dead.
Terence hits you with a +0 long sword! Terence hits you but does no damage.
You hit Terence but do no damage.
Your tail-slap misses Terence.
Terence is almost dead.
Terence hits you with a +0 long sword.
You barely miss Terence.
Terence is almost dead.
Terence hits you with a +0 long sword!
* * * LOW HITPOINT WARNING * * *
You closely miss Terence.
Terence is almost dead.
Terence hits you with a +0 long sword.
You die...

#..######.##...######## #..#
#.###.## #..# #.# #.# #..# #.#
#.# # #..######.###.###$### ####
#....................
...###..................##
##..####.##..###....#.>.#
.#...###.#...#)#@##.##.##
#.##..##...##.##@##.##.#
.#.#...#...#.#†...#.##.#
.##.##...##.##..#...##.#
...#.#...#.#.)÷##.#.##.########
#..##.###.##..###.#...........#
##...#...#........####........###
##..#...#..#.##### #######.†...
#..#...#....# ##....


You could see Terence.

Vanquished Creatures
  A gnoll (D:1)
  An adder (D:2)
  7 bats
  3 endoplasms
  2 giant cockroaches (D:1)
  3 goblins
  A hobgoblin (D:1)
  6 kobolds
  3 quokkas
  7 ball pythons
  2 frilled lizards (D:1)
  7 rats
43 creatures vanquished.

Notes
Turn   | Place    | Note
-------+----------+-------------------------------------------
     0 | D:1      | Shard1697 the Armataur Gladiator began the quest for the
                  | Orb.
     0 | D:1      | Reached XP level 1. HP: 18/18 MP: 1/1
    32 | D:1      | Found a faded altar of an unknown god.
   123 | D:1      | Reached XP level 2. HP: 25/25 MP: 2/2
   159 | D:1      | Reached skill level 3 in Axes
   388 | D:1      | Reached XP level 3. HP: 30/31 MP: 3/3
   823 | D:2      | Got the Omnibus of Immolation
   948 | D:2      | Reached skill level 4 in Axes
   994 | D:2      | Found a broken altar of Ashenzari.
  1206 | D:2      | Noticed Terence
  1222 | D:2      | Slain by Terence

Illustrated notes

Levels and vault maps discovered:
D:1:      kennysheep_arrival_forest, layout_loops_ring,
          shapermc_ecumenical_altar_pompeii, minmay_strange_pillars
D:2:      layout_loops_ring, basic_altar, minmay_vboxes, uniq_terence

Skill      XL: |  1  2  3 |
---------------+----------+-----
Axes           | 3 4 |  4.0
Fighting       | |  1.7
Throwing       | |  1.7
Dodging        | |  2.1

Action                     || total
---------------------------++-------
  Melee: War axe           ||   118
         Tailslap          ||     9
         Punch             ||     1
 Armour: Leather armour    ||    12
         Ring mail         ||    46
  Dodge: Dodged            ||    71

Table legend: (Time is in decaauts)
 A = Elapsed time spent in this place.
 B = Non-inter-level travel time spent in this place.
 C = Inter-level travel time spent in this place.
 D = Time resting spent in this place.
 E = Time spent auto-exploring this place.
 F = Levels seen in this place.
 G = Mean time per level.
                   A        B        C        D        E       F      G
               +--------+--------+--------+--------+--------+-----+--------+
         Total |   1259 |   1256 |      3 |      0 |    963 |   2 |  629.5 |
       Dungeon |   1259 |   1256 |      3 |      0 |    963 |   2 |  629.5 |
               +--------+--------+--------+--------+--------+-----+--------+

Top non-repeatable levels by time:
     D:1: 754 daAuts
     D:2: 505 daAuts
